Map: Nightshade LE

Players

TLO

  • Race: Zerg Zerg
  • Spawn Location: 5:00

Armani - Winner!

  • Race: Zerg Zerg
  • Spawn Location: 11:00

Event: IEM Katowice 2020

VOD

Have the link to the VOD?

Description

Time

  • Played on: Feb. 24, 2020, 10:08 a.m.
  • Length: 11:10

All games in this series

Show
View Real Time Build Order
Export as new Build Order

TLO Zerg 

Build Orders: Hatch First 

Get SALT Encoding   

  12  0:00  Drone  
  13  0:12  Overlord  
  13  0:16  Drone  
  14  0:31  Drone x2  
  16  0:48  Hatchery  
  15  0:51  Drone  
  16  0:57  Drone x2  
  18  1:05  Extractor  
  17  1:13  Spawning Pool  
  17  1:16  Drone  
  17  1:19  Drone  
  18  1:31  Drone  
  20  1:40  Drone  
  20  1:49  Drone  
  21  2:00  Overlord  
  21  2:03  Queen x2  
  21  2:04  Drone  
  21  2:05  Metabolic Boost  
  26  2:11  Drone x2  
  28  2:17  Extractor  
  28  2:21  Drone  
  28  2:22  Drone  
  30  2:35  Hatchery  
  29  2:38  Drone x2  
  31  2:49  Drone  
  31  2:50  Overlord  
  32  2:54  Baneling Nest  
  32  2:57  Drone  
  32  2:59  Zergling x2  
  32  3:04  Drone  
  32  3:05  Drone  
  35  3:10  Drone x2  
  35  3:12  Zergling x2, Drone x2  
  40  3:13  Zergling x2  
  41  3:20  Queen  
  41  3:25  Drone  
  44  3:29  Evolution Chamber  
  44  3:30  Drone  
  44  3:37  Baneling  
  44  3:38  Baneling x3  
  44  3:41  Roach Warren  
  44  3:42  Zergling x2  
  44  3:44  Overlord  
  44  3:46  Overlord  
  44  3:47  Drone  
  45  3:49  Drone  
  45  3:51  Drone  
  45  3:52  Zergling x2  
  46  3:57  Zergling x2  
  46  4:03  Drone  
  46  4:07  Zergling x2  
  46  4:09  Drone  
  49  4:10  Baneling  
  49  4:13  Zerg Missile Weapons Level 1  
  49  4:14  Extractor, Baneling  
  49  4:15  Extractor  
  49  4:16  Drone  
  48  4:17  Drone  
  48  4:19  Drone  
  48  4:20  Drone x2  
  48  4:24  Drone x2  
  51  4:32  Roach x2  
  51  4:34  Roach  
  55  4:40  Roach  
  55  4:41  Zergling x4  
  55  4:44  Roach  
  61  4:46  Roach  
  61  4:47  Extractor  
  61  4:48  Roach  
  61  4:49  Extractor  
  62  4:55  Roach  
  62  4:56  Roach  
  68  5:01  Overlord x3  
  67  5:09  Overlord  
  67  5:13  Overlord  
  67  5:19  Roach  
  67  5:20  Zergling x2, Roach x3  
  76  5:22  Zergling x4  
  76  5:25  Roach  
  80  5:30  Roach  
  80  5:31  Roach  
  80  5:33  Drone  
  80  5:34  Roach, Drone  
  86  5:36  Drone  
  86  5:38  Drone  
  86  5:39  Drone  
  86  5:41  Drone  
  90  5:49  Lair  
  90  5:50  Drone x2  
  90  5:51  Drone  
  90  5:53  Drone  
  94  6:04  Roach x2  
  94  6:06  Roach  
  94  6:07  Zerg Ground Armor Level 1  
  94  6:08  Drone x2  
  102  6:13  Drone  
  102  6:14  Extractor, Drone x2  
  102  6:16  Extractor, Overlord  
  103  6:19  Overlord  
  103  6:22  Overlord  
  103  6:26  Drone  
  103  6:27  Roach  
  103  6:28  Overlord  
  105  6:33  Overlord  
  105  6:35  Roach  
  105  6:36  Drone x2  
  105  6:37  Drone  
  110  6:41  Roach  
  110  6:42  Roach  
  110  6:44  Drone, Pneumatized Carapace  
  110  6:46  Drone  
  116  6:48  Glial Reconstitution  
  116  6:56  Extractor  
  116  6:58  Spire, Roach  
  116  7:00  Roach  
  118  7:02  Overseer  
  118  7:05  Roach  
  118  7:07  Roach  
  122  7:09  Roach  
  122  7:12  Overlord  
  122  7:13  Roach x2  
  128  7:16  Roach  
  128  7:17  Roach  
  128  7:21  Overlord  
  128  7:22  Roach  
  134  7:25  Overlord  
  134  7:26  Overlord  
  134  7:27  Roach  
  137  7:30  Overlord  
  137  7:31  Roach  
  137  7:34  Overlord  
  137  7:36  Roach  
  141  7:39  Roach  
  143  7:45  Ravager x4  
  143  7:48  Ravager  
  143  7:49  Nydus Network  
  147  7:52  Roach x2  
  147  7:53  Roach  
  147  7:54  Overlord  
  147  7:58  Roach  
  155  7:59  Roach  
  155  8:08  Roach  
  155  8:09  Roach  
  155  8:11  Roach  
  161  8:14  Roach  
  163  8:21  Roach  
  163  8:22  Roach x2  
  163  8:25  Zerg Missile Weapons Level 2  
  163  8:26  Nydus Canal  
  169  8:28  Roach  
  169  8:29  Roach  
  173  8:36  Roach  
  173  8:37  Roach x3  
  177  8:42  Roach  
  177  8:44  Zergling x2, Roach  
  177  8:45  Zergling x2  
  177  8:48  Overseer, Nydus Canal  
  183  8:51  Ravager x2  
  185  8:56  Hydralisk Den, Roach  
  185  9:00  Roach  
  188  9:04  Roach  
  190  9:10  Roach, Nydus Canal  
  190  9:11  Roach  
  194  9:23  Overlord  
  194  9:29  Overlord  
  194  9:31  Overlord x3  
  189  9:34  Infestation Pit  
  189  9:38  Overlord  
  178  9:39  Overlord  
  178  9:40  Roach  
  178  9:41  Overseer x2  
  178  9:45  Ravager x4  
  184  9:46  Ravager  
  184  9:47  Hatchery  
  184  9:50  Roach x2  
  188  9:55  Roach x2  
  188  9:56  Roach  
  182  10:17  Roach  
  182  10:18  Roach x9  
  170  10:23  Roach  
  150  10:30  Roach  
  150  10:32  Roach  
  145  10:40  Ravager, Roach x2  
  145  10:41  Ravager x2  
  148  10:48  Ravager  
Show
View Real Time Build Order
Export as new Build Order

Armani Zerg - Winner!

Build Orders: Hatch First 

Get SALT Encoding   

  12  0:00  Drone  
  13  0:12  Overlord  
  13  0:17  Drone  
  14  0:31  Drone x2  
  16  0:48  Hatchery  
  15  0:52  Drone  
  15  0:55  Drone  
  17  0:58  Drone  
  18  1:09  Extractor  
  17  1:13  Spawning Pool  
  17  1:16  Drone  
  17  1:19  Drone  
  18  1:29  Drone  
  19  1:38  Drone  
  20  1:49  Overlord  
  20  2:01  Queen x2  
  20  2:02  Drone x2  
  26  2:10  Metabolic Boost  
  26  2:11  Drone x2  
  28  2:30  Hatchery  
  28  2:31  Drone  
  28  2:32  Drone  
  29  2:40  Drone x2  
  31  2:46  Baneling Nest  
  31  2:48  Overlord  
  30  2:52  Drone  
  30  2:54  Zergling x2  
  32  3:03  Drone  
  33  3:10  Zergling x2  
  33  3:11  Zergling x10  
  33  3:12  Zergling x2  
  40  3:14  Zergling x2  
  40  3:19  Overlord  
  41  3:31  Drone  
  41  3:32  Baneling x2  
  42  3:35  Drone  
  42  3:37  Overlord  
  42  3:38  Baneling  
  42  3:39  Evolution Chamber  
  42  3:40  Drone x2  
  44  3:43  Drone  
  44  3:48  Drone  
  46  3:51  Drone  
  46  3:52  Drone  
  46  3:56  Drone  
  46  3:57  Drone  
  46  3:58  Drone  
  46  4:01  Drone  
  46  4:02  Drone  
  49  4:06  Zergling x4  
  49  4:07  Drone  
  49  4:09  Zerg Missile Weapons Level 1  
  51  4:11  Queen  
  51  4:14  Drone  
  51  4:16  Drone  
  55  4:17  Drone  
  56  4:28  Extractor  
  56  4:29  Zergling x2, Extractor  
  56  4:30  Roach Warren  
  53  4:35  Overlord  
  52  4:39  Lair, Drone  
  52  4:40  Drone  
  52  4:41  Baneling  
  52  4:42  Drone x4  
  52  4:45  Drone x2  
  59  4:47  Drone  
  59  4:48  Drone  
  59  4:50  Overlord  
  60  5:06  Spine Crawler  
  60  5:07  Spine Crawler  
  57  5:08  Spine Crawler  
  57  5:09  Roach x4  
  64  5:15  Roach x3  
  64  5:19  Roach x2  
  74  5:24  Roach  
  74  5:26  Roach  
  77  5:32  Roach  
  77  5:33  Roach x2  
  77  5:34  Overlord  
  81  5:41  Overlord  
  83  5:47  Overlord  
  83  5:50  Spine Crawler  
  83  5:53  Roach x4  
  83  5:54  Overlord  
  83  5:56  Overlord  
  90  5:58  Glial Reconstitution  
  90  6:01  Roach  
  90  6:02  Zergling x4  
  94  6:14  Drone x10  
  105  6:21  Zerg Missile Weapons Level 2  
  105  6:23  Drone  
  105  6:24  Drone  
  108  6:25  Drone  
  108  6:30  Overlord  
  108  6:31  Extractor  
  108  6:32  Extractor, Drone  
  107  6:34  Overseer  
  107  6:35  Overseer  
  107  6:37  Drone  
  108  6:43  Drone x3  
  108  6:45  Extractor, Drone, Pneumatized Carapace  
  108  6:46  Drone  
  112  6:49  Overlord  
  112  6:56  Drone x2  
  112  7:00  Hatchery  
  113  7:01  Roach  
  113  7:02  Roach  
  113  7:05  Ravager x2  
  119  7:10  Roach x4  
  119  7:12  Overlord  
  127  7:16  Roach  
  127  7:17  Overlord  
  127  7:20  Overlord  
  129  7:25  Overlord  
  129  7:28  Ravager  
  130  7:31  Roach x4  
  130  7:33  Overseer  
  130  7:35  Roach x3  
  144  7:39  Ravager  
  144  7:42  Baneling x4  
  145  7:45  Roach x2  
  149  7:59  Hydralisk Den  
  149  8:00  Roach x2  
  149  8:01  Roach x4  
  149  8:03  Overlord  
  160  8:07  Overlord  
  160  8:11  Roach  
  160  8:12  Roach x4  
  168  8:18  Burrow, Tunneling Claws  
  168  8:19  Overlord  
  169  8:21  Overlord  
  169  8:23  Spine Crawler, Drone  
  169  8:25  Ravager  
  169  8:26  Ravager  
  171  8:29  Roach  
  171  8:30  Roach x2  
  171  8:31  Overlord  
  172  8:43  Roach x8  
  172  8:44  Overlord  
  186  8:49  Spine Crawler  
  186  8:52  Roach x2  
  186  8:53  Overseer  
  186  8:55  Roach, Ravager  
  192  8:59  Roach x2  
  196  9:04  Roach x2  
  196  9:09  Spine Crawler x2  
  198  9:13  Roach  
  200  9:50  Spire, Extractor  
  200  9:51  Extractor, Roach x3  
  200  9:52  Roach  
  197  9:56  Roach  
  197  10:12  Roach  
  187  10:16  Roach x11  
  187  10:17  Roach  
  181  10:27  Roach x20  
  185  10:41  Ravager x6  
  182  10:44  Roach x2  
  182  10:47  Roach x2  

Tags
 
Add a new tag
Caveats
  • Supply blocks, unpowered buildings, or Contaminate may cause inaccurate times.
  • Supply counts are checked every 10 seconds.